 Dungeon Crawl Stone Soup version 0.30-a0-802-gb92711bcdf (webtiles) character file.

Game seed: 15347489088371059094

10745 Pimp the Slicer (level 11, -8/99 HPs)
             Began as a Minotaur Fighter on Feb 23, 2023.
             Was an Elder of the Shining One.
             Killed from afar by an acid dragon (14 damage)
             ... with a splash of acid
             ... on level 11 of the Dungeon.
             The game lasted 00:18:38 (8764 turns).

Pimp the Slicer (Minotaur Fighter)                  Turns: 8764, Time: 00:18:38

Health: -8/99      AC:  9    Str: 24    XL:     11   Next: 40%
Magic:  10/10      EV:  9    Int:  5    God:    the Shining One [****..]
Gold:   556        SH:  6    Dex: 11    Spells: 10/10 levels left

rFire   + . .      SeeInvis .    l - +8 short sword of the Depths {elec, *Slow rElec rC+ Will+}
rCold   + . .      Faith    .    c - +0 buckler
rNeg    + + .      Spirit   .    g - +2 plate armour
rPois   .          Reflect  .    (helmet restricted)
rElec   +          Harm     .    (no cloak)
rCorr   .          Rampage  .    y - +0 pair of gloves
Will    ++...                    (no boots) Stlth
                                 I - amulet "Xudedin" {RegenMP Will+ Dex+2}
HPRegen 0.36/turn                m - ring of protection from fire
MPRegen 0.52/turn                G - +4 ring of protection

@: corroded, hasted, glowing, very quick
A: horns 2, retaliatory headbutt, claws 1, deformed body, shaggy fur 1, weak 1
a: Renounce Religion, Divine Shield, Cleansing Flame


You were on level 11 of the Dungeon.
You worshipped the Shining One.
The Shining One was greatly pleased with you.
You visited 1 branch of the dungeon, and saw 11 of its levels.
You also visited: Sewer.

You collected 589 gold pieces.
You spent 33 gold pieces at shops.

Inventory:

Hand Weapons
 a - a +1 heavy long sword
 j - the +1 hand axe of Ifoor {heavy, Fly rF+}
   (You found it on level 2 of the Dungeon)

   rF:        It protects you from fire.
   Fly:       It grants you flight.
 l - the +8 short sword of the Depths (weapon) {elec, *Slow rElec rC+ Will+}
   (You found it on level 2 of the Dungeon)

   rC:        It protects you from cold.
   rElec:     It insulates you from electricity.
   *Slow:     It may slow you when you take damage.
   Will:      It increases your willpower.
Missiles
 A - 10 datura-tipped darts (quivered)
Armour
 b - a +0 scale mail
 c - a +0 buckler (worn)
 g - a +2 plate armour (worn)
 y - a +0 pair of gloves (worn)
Jewellery
 e - an amulet of the acrobat
 m - a ring of protection from fire (left hand)
 n - a ring of protection from fire
 D - a ring of magical power
 G - a +4 ring of protection (right hand)
 I - the amulet "Xudedin" (around neck) {RegenMP Will+ Dex+2}
   (You found it on level 10 of the Dungeon)

   [amulet of magic regeneration]

   It increases your rate of magic regeneration.
   Dex:       It affects your dexterity (+2).
   Will:      It increases your willpower.
Wands
 t - a wand of flame (27)
 v - a wand of light (8)
 H - a wand of roots (7)
Scrolls
 f - 4 scrolls of poison
 i - 2 scrolls of immolation
 k - 2 scrolls of noise
 s - 8 scrolls of teleportation
 w - a scroll of brand weapon
 z - 6 scrolls of identify
 B - a scroll of blinking
 C - a scroll of enchant weapon
 F - 2 scrolls of magic mapping {unknown}
 J - a scroll of fear
Potions
 d - 3 potions of might
 h - 6 potions of brilliance
 o - a potion of magic
 p - a potion of lignification {unknown}
 q - a potion of haste
 r - 2 potions of curing
 x - 2 potions of flight
 E - 2 potions of invisibility {unknown}


   Skills:
 + Level 9.7 Fighting
 * Level 11.3(11.4) Short Blades
 - Level 3.0(8.4) Long Blades
 - Level 0.1 Axes
 + Level 9.8 Armour
 + Level 7.8 Dodging
 + Level 9.6 Shields


You had 10 spell levels left.
You didn't know any spells.
Your spell library contained the following spells:

 Spells                   Type           Power      Damage    Failure   Level
 Apportation              Tloc           0%         N/A       100%        1
 Freeze                   Ice            0%         1d3       100%        1
 Necrotise                Necr           0%         1d4       100%        1
 Summon Small Mammal      Summ           0%         N/A       100%        1
 Blink                    Tloc           0%         N/A       100%        2
 Lesser Beckoning         Tloc           0%         N/A       100%        2
 Momentum Strike          Conj/Tloc      0%         3d8       100%        2
 Frozen Ramparts          Ice            0%         1d1       100%        3
 Hailstorm                Conj/Ice       0%         3d3       100%        3
 Inner Flame              Hex/Fire       0%         N/A       100%        3
 Flame Wave               Conj/Fire      0%         2d4       100%        4
 Leda's Liquefaction      Hex/Erth       0%         N/A       100%        4
 Sticky Flame             Conj/Fire      0%         2d3       100%        4
 Summon Lightning Spire   Summ/Air       0%         N/A       100%        4
 Lee's Rapid Deconstruct  Erth           0%         3d4*      100%        5
 Statue Form              Tmut/Erth      0%         N/A       100%        6
 Storm Form               Tmut/Air       0%         N/A       100%        7
 Maxwell's Capacitive Co  Air            0%         ∞         100%        8


Dungeon Overview and Level Annotations

Branches:
Dungeon (11/15)            Temple (0/1) D:7            Lair (0/5) D:8
  Sewer (visited)
    Orc: D:9-12

Altars:
Ashenzari
Cheibriados
Dithmenos
Gozag
Makhleb
Qazlal
Ru
Sif Muna
Wu Jian
The Shining One

Shops:
D:5 *   D:7 (   D:10 *


Innate Abilities, Weirdness & Mutations

You have a pair of horns on your head.
You reflexively headbutt those who attack you in melee.
You have sharp fingernails.
Armour fits poorly on your strangely shaped body.
You are covered in fur. (AC +1)
You are weak. (Str -2)


Message History

You hit the acid dragon but do no damage.
The acid dragon is lightly wounded.
The wolf bites you. The acid dragon spits acid at you.
The splash of acid hits you!!
* * * LOW HITPOINT WARNING * * *
The acid corrodes you!
You feel much better. The wolf bites you! The acid dragon bites you.
The acid dragon claws you but does no damage.
The wolf barely misses you. You block the wolf's attack.
You see here a wolf corpse.
The wolf barely misses you. You furiously retaliate!
You headbutt the wolf, but do no damage.
The wolf bites you but does no damage.
You hit the wolf. Lightning courses through the wolf!
You kill the wolf!
You barely miss the acid dragon.
The acid dragon is lightly wounded.
The acid dragon bites you!
* * * LOW HITPOINT WARNING * * *
You block the acid dragon's attack.
You hit the acid dragon. You headbutt the acid dragon.
The acid dragon is moderately wounded.
You barely miss the acid dragon.
The acid dragon is moderately wounded.
The acid dragon spits acid at you. The splash of acid hits you!!
* * * LOW HITPOINT WARNING * * *
The acid dragon attacks as you move away!
The acid dragon barely misses you. You block the acid dragon's attack.
You feel better. The acid dragon bites you.
* * * LOW HITPOINT WARNING * * *
The acid dragon completely misses you.
You feel yourself speed up. The acid dragon bites you!
* * * LOW HITPOINT WARNING * * *
You block the acid dragon's attack.
Found a potion of curing.
The acid dragon spits acid at you. The splash of acid hits you!
You die...

#...# ##. ## #.... #.
##. ###...#########.
##..# #......##...##..
#....##............#..
#................!...
#..............##....
####..............#....
#.....@.....D......†(..
#..............#...#...
#..#######.....#.).##..
#. #.#........##.
#.#........$ .
#...##........
+...##........ #...
......... ..........


You could see an acid dragon (catching breath).

Vanquished Creatures
  Erica (D:9)
  A two-headed ogre (D:10)
  An ugly thing (D:11)
  The ghost of cheesebisquit the Skirmisher, a novice MiHu (D:4)
  5 kobold demonologists
  9 yaks
  A wraith (D:11)
  Grum (D:11)
  3 vampire mosquitoes (D:11)
  Duvessa (D:4)
  A water moccasin (D:7)
  A black bear (D:5)
  3 orc warriors
  2 ice beasts
  A sky beast (D:7)
  4 ogres
  4 wolves (D:11)
  7 centaurs
  5 kobold brigands
  4 necrophages
  6 bullfrogs
  5 scorpions
  A gnoll sergeant (D:9)
  5 wights (D:7)
  Dowan (D:4)
  12 killer bees
  7 howler monkeys
  5 jellies
  5 orc priests
  A gnoll bouda (D:7)
  4 hounds
  4 iguanas
  9 orc wizards
  11 gnolls
  7 adders
  2 shadow imps
  3 white imps
  2 ufetubi (D:5)
  2 worms
  2 dart slugs
  44 orcs
  14 endoplasms
  13 giant cockroaches
  4 goblins
  6 hobgoblins
  2 jackals (D:1)
  10 quokkas
  9 ball pythons
  A bat (D:2)
  9 frilled lizards
  17 kobolds
  15 rats
294 creatures vanquished.

Vanquished Creatures (others)
  A demonic plant (D:1)
  12 plants (D:3)
  2 withered plants (D:4)
15 creatures vanquished.

Grand Total: 309 creatures vanquished

Notes
Turn   | Place    | Note
-------+----------+-------------------------------------------
     0 | D:1      | Pimp the Minotaur Fighter began the quest for the Orb.
     0 | D:1      | Reached XP level 1. HP: 19/19 MP: 0/0
   169 | D:1      | Found a faded altar of an unknown god.
   169 | D:1      | Noticed a crimson imp
   240 | D:1      | Reached XP level 2. HP: 24/27 MP: 1/1
   830 | D:2      | Reached XP level 3. HP: 32/33 MP: 2/2
   876 | D:2      | Identified the +1 hand axe of Ifoor {heavy, Fly rF+}
   927 | D:2      | Identified the +8 short sword of the Depths {elec, *Slow
                  | rElec rC+ Will+}
  1694 | D:3      | Reached skill level 1 in Short Blades
  1694 | D:3      | Reached XP level 4. HP: 36/41 MP: 3/3
  1736 | D:3      | Reached skill level 1 in Dodging
  1738 | D:3      | Found an ornate altar of the Wu Jian Council.
  1905 | D:3      | Reached XP level 5. HP: 32/47 MP: 4/4
  2131 | D:3      | Found a sacrificial altar of Ru.
  2134 | D:3      | Found a shadowy altar of Dithmenos.
  2138 | D:3      | Found a glowing golden altar of the Shining One.
  2147 | D:3      | Became a worshipper of the Shining One
  2150 | D:3      | Found a burning altar of Makhleb.
  2151 | D:3      | Found a snail-covered altar of Cheibriados.
  2290 | D:4      | Reached skill level 2 in Short Blades
  2480 | D:4      | Noticed an ogre
  2484 | D:4      | Killed an ogre
  2485 | D:4      | Reached skill level 3 in Short Blades
  2485 | D:4      | Reached XP level 6. HP: 55/55 MP: 5/5
  2624 | D:4      | Noticed Dowan
  2626 | D:4      | Noticed Duvessa
  2632 | D:4      | Killed Duvessa
  2633 | D:4      | Reached skill level 5 in Fighting
  2633 | D:4      | Reached skill level 5 in Armour
  2633 | D:4      | Reached skill level 5 in Shields
  2637 | D:4      | Killed Dowan
  2652 | D:4      | Found a glowing drain.
  2685 | Sewer    | Entered a sewer
  2777 | Sewer    | Reached XP level 7. HP: 61/61 MP: 6/6
  2849 | Sewer    | Reached skill level 4 in Short Blades
  3033 | D:4      | Found a shimmering blue altar of Sif Muna.
  3138 | D:4      | Found a broken altar of Ashenzari.
  3326 | D:4      | Found a runed translucent door.
  3326 | D:4      | Noticed cheesebisquit's ghost (novice MiHu)
  3333 | D:4      | Reached * piety under the Shining One
  3422 | D:4      | Gained mutation: You have an increased reservoir of magic.
                  | (+10% MP) [potion of mutation]
  3422 | D:4      | Gained mutation: You are frail. (-10% HP) [potion of
                  | mutation]
  3423 | D:4      | Lost mutation: You have an increased reservoir of magic.
                  | (+10% MP) [potion of mutation]
  3423 | D:4      | Lost mutation: You are frail. (-10% HP) [potion of
                  | mutation]
  3423 | D:4      | Gained mutation: Armour fits poorly on your strangely
                  | shaped body. [potion of mutation]
  3423 | D:4      | Gained mutation: You are covered in fur. (AC +1) [potion of
                  | mutation]
  3423 | D:4      | Gained mutation: You are weak. (Str -2) [potion of
                  | mutation]
  3423 | D:4      | Gained mutation: You have sharp fingernails. [potion of
                  | mutation]
  3438 | D:4      | Killed cheesebisquit's ghost
  3439 | D:4      | Reached skill level 5 in Short Blades
  3439 | D:4      | Reached XP level 8. HP: 53/70 MP: 7/7
  3796 | D:5      | Entered Level 5 of the Dungeon
  3890 | D:5      | Reached skill level 6 in Short Blades
  4282 | D:5      | Found Bikhlet's Assorted Antiques.
  4290 | D:5      | Bought a scroll labelled QUTEAH HULADDE for 33 gold pieces
  4458 | D:5      | Found an opulent altar of Gozag.
  4617 | D:6      | Reached skill level 7 in Short Blades
  4617 | D:6      | Reached XP level 9. HP: 78/78 MP: 8/8
  4726 | D:6      | Identified the +3 long sword of Death {speed, rElec rF-
                  | Str+3 Int+3}
  4763 | D:6      | Reached skill level 5 in Dodging
  5243 | D:6      | Reached ** piety under the Shining One
  5621 | D:7      | Found Abeagok's Antique Weapon Boutique.
  5678 | D:7      | Reached skill level 8 in Short Blades
  5753 | D:7      | Found a staircase to the Ecumenical Temple.
  5773 | D:7      | Found a stormy altar of Qazlal.
  6222 | D:8      | Found a staircase to the Lair.
  6623 | D:9      | Reached XP level 10. HP: 76/88 MP: 9/9
  6729 | D:9      | Reached skill level 9 in Short Blades
  6899 | D:9      | Reached *** piety under the Shining One
  7218 | D:9      | Noticed Erica
  7232 | D:9      | Killed Erica
  7690 | D:10     | Entered Level 10 of the Dungeon
  7703 | D:10     | Noticed an orange demon
  7706 | D:10     | Reached skill level 10 in Short Blades
  8055 | D:10     | Identified the amulet "Xudedin" {RegenMP Will+ Dex+2}
  8108 | D:10     | Found Koymm's Assorted Antiques.
  8204 | D:10     | Noticed a two-headed ogre
  8214 | D:10     | Killed a two-headed ogre
  8215 | D:10     | Reached XP level 11. HP: 75/97 MP: 10/10
  8540 | D:11     | Reached **** piety under the Shining One
  8554 | D:11     | Reached skill level 11 in Short Blades
  8722 | D:11     | Noticed a red ugly thing
  8724 | D:11     | Noticed Grum
  8731 | D:11     | Killed a red ugly thing
  8737 | D:11     | Killed Grum
  8752 | D:11     | HP: 3/99 [acid dragon (9)]
  8764 | D:11     | Killed from afar by an acid dragon

Illustrated notes

Levels and vault maps discovered:
D:1:      heliophobic_arrival_ceremonial_halls, layout_basic,
          dreamdust_ecumenical_altar_sealed_demon
D:2:      layout_rooms, minmay_rat_gold_closets
D:3:      minmay_general_purpose_star, layout_basic,
          pdpol_wu_jian_five_deadly_venoms, minitemple, chequers_big_river
D:4:      layout_basic, mainiacjoe_overflow_surrounded_room,
          nicolae_sif_muna_little_library, portal_sewer_entry_c,
          gammafunk_ghost_grave, uniq_duvessa
D:5:      layout_loops_cross, mainiacjoe_overflow_alcove_2, serial_shops, shop,
          st_stairs_1
D:6:      layout_rooms, serial_co_window_serial, co_window_paths_b,
          co_window_of_opportunity_a, co_window_cross_1, co_window_corner_a,
          co_window_corner_a, co_window_paths_a, co_window_corner_a,
          co_window_broadway_b, co_window_unsneaky_path_c, co_window_corner_ca,
          co_window_paths_c, co_window_of_opportunity_b, co_window_4corner_b,
          glass_columns_a, glass_columns_c, glass_columns_a, glass_columns_c,
          glass_columns_a
D:7:      layout_basic, nicolae_qazlal_general_emergency,
          minmay_temple_entry_glassed_door, serial_shops,
          nicolae_shop_advertising_works [nicolae_subvault_shop_adworks]
D:8:      layout_basic, lair_entry_dummy, centaur_isle
D:9:      layout_long_grid, nicolae_fountain_basement, uniq_erica
D:10:     layout_basic, serial_shops, nicolae_stop_n_shop_2
D:11:     layout_cave_pools, grunt_tough_drop, uniq_grum

Skill      XL: |  1  2  3  4  5  6  7  8  9 10 11 |
---------------+----------------------------------+-----
Fighting       | 4 5 6 8 9 |  9.7
Long Blades    | 3 |  3.0
Armour         | 4 5 6 7 8 9 |  9.8
Shields        | 4 5 6 7 9 |  9.6
Short Blades   | 1 3 5 7 8 10 11 | 11.3
Dodging        | 1 2 3 4 6 7 |  7.8
Axes           | |  0.1

Action                     |  1- 3 |  4- 6 |  7- 9 | 10-12 || total
---------------------------+-------+-------+-------+-------++-------
  Melee: Long sword        |    57 |       |       |       ||    57
         Headbutt          |    13 |    11 |    42 |    62 ||   128
         Short sword       |    24 |   107 |   241 |   249 ||   621
         Hand axe          |     7 |       |       |       ||     7
    Use: Scroll            |       |     8 |     9 |     7 ||    24
         Potion            |       |       |     2 |     4 ||     6
 Armour: Plate armour      |    41 |    53 |    79 |    85 ||   258
         Scale mail        |     3 |       |       |       ||     3
  Dodge: Dodged            |    26 |    46 |   148 |    93 ||   313
  Block: Buckler           |    14 |    23 |    53 |    70 ||   160

Table legend: (Time is in decaauts)
 A = Elapsed time spent in this place.
 B = Non-inter-level travel time spent in this place.
 C = Inter-level travel time spent in this place.
 D = Time resting spent in this place.
 E = Time spent auto-exploring this place.
 F = Levels seen in this place.
 G = Mean time per level.
                   A        B        C        D        E       F      G
               +--------+--------+--------+--------+--------+-----+--------+
         Total |   8676 |   8343 |    333 |    459 |   5820 |  12 |  723.0 |
       Dungeon |   8344 |   8011 |    333 |    459 |   5717 |  11 |  758.5 |
         Sewer |    331 |    331 |      0 |      0 |    103 |   1 |  331.0 |
               +--------+--------+--------+--------+--------+-----+--------+

Top non-repeatable levels by time:
     D:4: 1222 daAuts
     D:9: 1029 daAuts
     D:3: 939 daAuts
     D:6: 879 daAuts
     D:1: 808 daAuts
     D:5: 804 daAuts
    D:10: 692 daAuts
     D:7: 636 daAuts
     D:2: 560 daAuts
     D:8: 458 daAuts
   Sewer: 331 daAuts
    D:11: 312 daAuts
